 Dungeon Crawl Stone Soup version 0.18-a0-1300-g6e8322c (webtiles) character file.

890019 abixa the Slayer (level 27, -12/239 HPs)
             Began as a Human Artificer on Feb 9, 2016.
             Was the Champion of Okawaru.
             Mangled by a reaper
             ... wielding a +3 scythe of venom
             ... summoned by a greater mummy's death curse
              (32 damage)
             ... on level 2 of the Tomb of the Ancients on Feb 11, 2016.
             The game lasted 12:14:12 (143450 turns).

abixa the Slayer (Human Artificer)                Turns: 143450, Time: 12:14:12

Health: -12/239    AC: 30    Str:  9 (11) XL:     27
Magic:  0/52       EV: 15    Int: 18      God:    Okawaru [******]
Gold:   1099       SH:  0    Dex: 20      Spells: 8 memorised, 27 levels left

rFire  + . .     SeeInvis +     a - +7 great sword of the Scroll {speed, +Blink +Rage MP+9 Stlth-}
rCold  + + +     Gourm    .     s - +3 chain mail of Okawaru's Generosity {rN++ MR+++ Str-2 Dex+2}
rNeg   + + +     Faith    .     (shield currently unavailable)
rPois  +         Spirit   +     K - +0 mask of the Dragon {MR+ Slay+3 SInv}
rElec  +         Dismiss  .     n - +1 cloak of the Hot Ocelot {Regen+}
rCorr  .         Reflect  .     Z - +2 pair of gloves {Str+3}
SustAt .         Harm     .     U - +2 pair of boots {run}
MR     +++++                    A - amulet "Kuosoll" {Spirit rPois rF+ rC++ Str-5}
Stlth  ..........               J - ring of positive energy
                                N - ring of Dole {+Fly rElec rC++ MP+9}

@: regenerating (expiring), quick, almost entirely resistant to hostile
enchantments, extremely unstealthy
A: low mp 1, magic resistance 1
a: Heroism, Finesse, Renounce Religion, Evoke Blink, Evoke Berserk Rage, Evoke
Flight
}: 6/15 runes: barnacled, slimy, silver, abyssal, demonic, gossamer


You were on level 2 of the Tomb of the Ancients.
You worshipped Okawaru.
Okawaru was exalted by your worship.
You were very hungry.

You visited 14 branches of the dungeon, and saw 64 of its levels.
You visited Pandemonium 2 times, and saw 13 of its levels.
You visited the Abyss 4 times.
You also visited: Trove and Wizlab.

You collected 9851 gold pieces.
You spent 8702 gold pieces at shops.

Inventory:

Hand Weapons
 a - the +7 great sword of the Scroll (weapon) {speed, +Blink +Rage MP+9 Stlth-}
   (Okawaru gifted it to you on level 3 of the Elven Halls)

   Attacks with this weapon are significantly faster.
   It affects your magic capacity (+9).
   It lets you blink.
   It lets you go berserk.
   It makes you less stealthy.
 d - the +9 great sword "Jellybane" {drain, rC+ rN+ SInv}
   (You found it on level 1 of the Depths)

   A truly terrible weapon, it drains the life of those it strikes.
   It protects you from cold.
   It protects you from negative energy.
   It lets you see invisible.
Armour
 n - the +1 cloak of the Hot Ocelot (worn) {Regen+}
   (You found it on level 1 of the Abyss)

   It increases your rate of regeneration.
 s - the +3 chain mail of Okawaru's Generosity (worn) {rN++ MR+++ Str-2 Dex+2}
   (Okawaru gifted it to you on level 11 of the Dungeon)

   It affects your strength (-2).
   It affects your dexterity (+2).
   It greatly protects you from negative energy.
   It affects your resistance to hostile enchantments.
 K - the +0 mask of the Dragon (worn) {MR+ Slay+3 SInv}
   (You found it on level 6 of the Pits of Slime)

   It affects your accuracy and damage with ranged weapons and melee attacks
   (+3).
   It affects your resistance to hostile enchantments.
   It lets you see invisible.
 U - a +2 pair of boots of running (worn)
 Z - a +2 pair of gloves of strength (worn)
Rods
 b - a +8 iron rod (13/13)
   (You bought it in a shop on level 2 of the Orcish Mines)
 h - a +2 rod of inaccuracy (10/10)
   (You bought it in a shop on level 3 of the Vaults)
Jewellery
 g - an uncursed ring of protection from fire
 A - the amulet "Kuosoll" (around neck) {Spirit rPois rF+ rC++ Str-5}
   (You took it off a crimson imp on level 14 of the Dungeon)

   [amulet of guardian spirit]

   It causes incoming damage to be split between your health and magic.
   It affects your strength (-5).
   It protects you from fire.
   It greatly protects you from cold.
   It protects you from poison.
 J - a ring of positive energy (right hand)
 L - an uncursed ring of resist corrosion
 N - the ring of Dole (left hand) {+Fly rElec rC++ MP+9}
   (You took it off a deep elf archer on level 3 of the Elven Halls)

   [ring of magical power]

   It greatly protects you from cold.
   It insulates you from electricity.
   It affects your magic capacity (+9).
   It lets you fly.
 O - the amulet of the Four Winds {rN+ MR+++ Clar}
   (You found it on level 3 of the Crypt)

   [amulet of nothing]

   It protects you from negative energy.
   It affects your resistance to hostile enchantments.
   It protects you against confusion.
Wands
 i - a wand of teleportation (5/9)
 k - a wand of digging (5/24)
 u - a wand of acid (0/15)
 x - a wand of hasting (3/9)
 y - a wand of lightning (2/15)
 W - a wand of teleportation (2/9)
 Y - a wand of heal wounds (2/9)
Scrolls
 c - 9 scrolls of recharging
 j - 3 scrolls of holy word
 l - 4 scrolls of immolation
 m - 3 scrolls of identify
 z - 8 scrolls of fog
 B - 4 scrolls of blinking
 D - 24 scrolls of remove curse
 F - 6 scrolls of silence
 M - 2 scrolls of vulnerability
 T - 5 scrolls of magic mapping
Potions
 f - 4 potions of cancellation
 t - 11 potions of might
 w - 3 potions of berserk rage
 E - 7 potions of haste
 P - 24 potions of curing
 Q - 2 potions of resistance
 R - a potion of cure mutation
Miscellaneous
 o - the horn of Geryon (inert)
 q - a stone of tremors
 r - an ornate deck of summoning {drawn: 1}
 v - a phantom mirror
 C - a fan of gales
 G - a lamp of fire (inert)
 V - a disc of storms
Comestibles
 H - 25 bread rations


   Skills:
 + Level 24.3 Fighting
   Level 1.0(12.2) Short Blades
 - Level 18.0 Long Blades
 + Level 22.5 Armour
 + Level 22.6 Dodging
 - Level 1.0 Stealth
 - Level 10.0 Spellcasting
 + Level 17.3 Hexes
 + Level 17.1 Charms
 + Level 17.1 Necromancy
 - Level 6.8 Air Magic
 - Level 8.0 Invocations
 + Level 22.7 Evocations


You had 27 spell levels left.
You knew the following spells:

 Your Spells              Type           Power        Failure   Level  Hunger
a - Apportation           Tloc           #.........   85%         1    None
b - Blink                 Tloc           N/A          96%         2    None
c - Repel Missiles        Chrm/Air       ######       1%          2    None
d - Song of Slaying       Chrm           ######..     1%          2    None
e - Swiftness             Chrm/Air       ######..     1%          2    None
f - Regeneration          Chrm/Necr      ######....   1%          3    None
g - Spectral Weapon       Hex/Chrm       ######..     1%          3    None
h - Passage of Golubria   Tloc           N/A          100%        4    ###....


Dungeon Overview and Level Annotations

Branches:
Dungeon (15/15)            Temple (1/1) D:4            Lair (8/8) D:8
 Shoals (4/4) Lair:6       Spider (4/4) Lair:5        Slime (6/6) Lair:6
    Orc (2/2) D:11            Elf (3/3) Orc:2        Vaults (5/5) D:14
  Crypt (3/3) Vaults:2       Tomb (3/3) Crypt:3      Depths (5/5) D:15
   Hell (1/1)                 Dis (0/7) Hell            Geh (0/7) Hell
    Coc (0/7) Hell            Tar (0/7) Hell            Zot (4/5) Depths:5

Altars:
Ashenzari
Cheibriados
Dithmenos
Elyvilon
Fedhas
Gozag
Kikubaaqudgha
Makhleb
Nemelex Xobeh
Okawaru
Pakellas
Qazlal
Ru
Sif Muna
Trog
Vehumet
Xom
Yredelemnul
Zin
The Shining One
Beogh
Jiyva
Lugonu

Shops:
Orc:2 :(?}   Elf:1 }   Elf:2 ?(!   Elf:3 (   Vaults:1 =   Vaults:2 ?
Vaults:3 }   Vaults:5 [}

Portals:
Hell: Depths:1 Depths:2 Depths:3 Depths:4 Depths:5
Abyss: Depths:4 Depths:5
Pandemonium: Depths:1 Depths:3
Ziggurat: Depths:2

Annotations:
Lair:8 disint


Innate Abilities, Weirdness & Mutations

Your magical capacity is low (-10% MP).
You are resistant to hostile enchantments.


Message History

Evoke which item? (* to show all) (? for menu, Esc to quit)
Aim the lamp in which direction?
Press: ? - help, Dir - move target cursor, f - soul eater
Aim: a soul eater (lightly wounded, summoned)
The flames dance!
The trail of fire hits the soul eater.
The soul eater is severely wounded.
The hell beast bites you!
* * * LOW HITPOINT WARNING * * *
The hell beast misses you.
The soul eater is engulfed in roaring flames.
The soul eater misses you. The hell beast bites you!
* * * LOW HITPOINT WARNING * * *
The hell beast tramples you but does no damage.
Evoke which item? (* to show all) (? for menu, Esc to quit)
Zapping:
Y - a wand of heal wounds (3/9)
Press: ? - help, Shift-Dir - straight line, f - you, p - soul eater You feel much better.
This wand has 2 charges left.
The hell beast barely misses you. The hell beast closely misses you.
The reaper hits you from afar with a scythe of venom!!
You die...

############################
#......^.§3@#.....^#^.......
#...§§§§§2§2#.....^'........
#^..E§§§.§..#......#........
#.......§..>#..^...#........
#..§..#########'############
#...^.#............§........
#..^..#.....................
###'###.....................
#..^^.#.....................


You could see a hell beast, a reaper, a soul eater and a friendly fire
elemental.

Vanquished Creatures
  6 pandemonium lords (Pan)
  the Royal Jelly (Slime:6)
  4 ancient liches
  2 juggernauts
  35 greater mummies
  Boris (Tomb:1)
  The ghost of Duffy the Wrestler, a veteran HOMo of Cheibriados (Depths:3)
  Norris (Vaults:1)
  A Killer Klown (Zot:1)
  2 curse toes (Zot:3)
  A caustic shrike (Depths:2)
  Geryon (Hell)
  Nikola (Shoals:1)
  Jory (Depths:4)
  5 golden dragons
  3 bone dragons
  An electric golem (Zot:4)
  5 Brimstone Fiends
  12 liches
  A hellephant (shapeshifter) (Vaults:4)
  14 tentacled monstrosities
  A Hell Sentinel (Abyss:1)
  9 titans
  2 Shadow Fiends (Pan)
  2 deep elf blademasters (Elf:3)
  2 deep elf master archers (Elf:3)
  16 acid blobs
  7 tentacled starspawn
  Frances (Elf:1)
  6 death cobs
  2 quicksilver dragons (Vaults:5)
  4 Executioners (Pan)
  8 sphinxes
  26 storm dragons
  A thorn hunter (Abyss:3)
  4 ancient champions
  12 shadow dragons
  Kirke (Lair:7)
  5 revenants
  6 tengu reavers
  Ilsuiw (Shoals:3)
  Donald (Shoals:1)
  10 azure jellies
  10 fire giants
  6 draconian monks
  9 ghost moths
  15 frost giants
  7 deep elf sorcerers
  2 warmongers (Pan)
  2 iron dragons (Vaults:5)
  12 draconian scorchers
  3 cacodemons
  8 draconian knights
  Aizul (Spider:1)
  6 balrugs
  24 vault wardens
  7 emperor scorpions
  7 draconian zealots
  4 draconian shifters
  5 reapers
  2 deep elf elementalists
  An angel (Depths:3)
  4 draconian annihilators
  7 spriggan defenders
  11 ironheart preservers
  6 green draconians
  8 draconian callers
  22 very ugly things
  6 war gargoyles
  3 blood saints (Pan)
  Nessos (Lair:8)
  22 stone giants
  7 black draconians
  19 purple draconians
  10 white draconians
  10 vampire knights
  12 bennus
  An ophan (Abyss:2)
  3 spark wasps
  9 chaos champions (Pan)
  6 deep elf annihilators
  12 yellow draconians
  9 deep elf demonologists
  6 dire elephants
  8 salamander stormcallers
  12 mottled draconians
  13 red draconians
  3 lorocyprocas
  4 black suns (Pan)
  The ghost of zkyp the Severer, a journeyman MiWn of Makhleb (Lair:3)
  9 statues (WizLab)
  4 eidola
  16 mummy priests
  8 merfolk javelineers
  9 blizzard demons
  3 jiangshi
  8 merfolk impalers
  6 death oozes
  43 vault guards
  A deep elf high priest (Depths:4)
  9 green deaths
  9 ettins
  A kraken zombie (Hell)
  3 crystal guardians (Crypt:3)
  9 deep elf death magi
  26 fire dragons
  Harold (Lair:4)
  20 great orbs of eyes
  16 yaktaur captains
  17 ogre magi
  Erolcha (D:13)
  The ghost of Duffy the Cruncher, a journeyman TeGl of Cheibriados (Lair:3)
  3 rakshasas
  14 ice dragons
  6 monstrous demonspawn
  11 centaur warriors
  13 hydras
  9 entropy weavers
  4 spriggan air magi
  2 hell beasts (Pan)
  5 death knights
  An anaconda (Lair:8)
  A catoblepas (Lair:4)
  2 merfolk avatars
  5 merfolk aquamancers
  29 dancing weapons
  3 satyrs (Shoals:3)
  13 tengu warriors
  8 deep troll shamans
  8 deep troll earth magi
  2 titan zombies (Crypt:3)
  2 iron golems (Depths:5)
  4 thrashing horrors
  9 vampire magi
  8 hell hogs
  9 spriggan berserkers
  2 storm dragon zombies (Vaults:4)
  30 hell knights
  3 fire crabs
  25 soul eaters
  21 sun demons
  22 deep elf knights
  A fire crab (shapeshifter) (D:15)
  14 shadow wraiths
  33 skeletal warriors
  10 wretched stars
  3 iron trolls
  2 storm dragon skeletons
  5 death scarabs (Tomb:1)
  A spatial maelstrom (Abyss:2)
  An unseen horror (D:15)
  15 sea snakes
  4 gelid demonspawn (Pan)
  7 giant orange brains
  4 infernal demonspawn (Pan)
  A sea snake (shapeshifter) (Vaults:4)
  A golden dragon zombie (Hell)
  A kraken simulacrum (Shoals:4)
  3 anaconda zombies
  3 shadow demons (Pan)
  14 flayed ghosts
  11 hill giants
  15 ironbrand convokers
  7 putrid demonspawn (Pan)
  A salamander mystic (Vaults:4)
  An anubis guard (shapeshifter) (Vaults:5)
  23 deep trolls
  A shambling mangrove (Abyss:3)
  6 torturous demonspawn (Pan)
  An orange crystal statue (Tomb:1)
  16 starcursed masses
  19 deep elf archers
  18 necromancers
  16 orc knights
  8 orc sorcerers (Orc:2)
  30 orb spiders
  An iron dragon zombie (Crypt:3)
  9 anubis guards (Tomb:1)
  14 phantasmal warriors
  An orb spider (shapeshifter) (Vaults:2)
  3 fire giant zombies
  12 harpies
  11 fauns
  4 shining eyes
  69 ugly things
  6 salamanders
  A mana viper (Abyss:3)
  2 hornets
  71 deep elf magi
  8 cyclopes
  8 manticores
  5 wizards
  6 water nymphs
  16 griffons
  A hornet (shapeshifter) (Elf:2)
  43 wolf spiders
  2 frost giant skeletons
  A water nymph (shapeshifter) (Elf:3)
  2 worldbinders (Abyss:2)
  Maurice (D:9)
  21 moths of wrath
  A stone giant skeleton (Vaults:2)
  The ghost of Pikaro the Chiller, a novice DEWn (D:6)
  3 fire giant skeletons
  11 sixfirhies
  2 guardian serpents (shapeshifter)
  An eye of devastation (Slime:6)
  7 sirens
  2 ice statues (Hell)
  2 iron dragon skeletons
  3 dire elephant zombies
  10 elephants (Lair:8)
  5 torpor snails
  A titan simulacrum (Depths:3)
  An eye of devastation (shapeshifter) (Vaults:1)
  23 smoke demons
  8 black mambas
  Joseph (D:8)
  11 rust devils
  21 spiny frogs
  A dire elephant skeleton (Tomb:3)
  25 vault sentinels
  8 orange demons
  5 spectral swamp worms (Depths:3)
  An apocalypse crab (Abyss:1)
  A gargoyle (D:11)
  19 hellions
  6 kobold demonologists
  A swamp worm zombie (Crypt:2)
  An anaconda simulacrum (Hell)
  44 yaktaurs
  5 tormentors
  24 demonic crawlers
  44 guardian mummies
  3 efreet
  8 freezing wraiths
  A black draconian skeleton (Crypt:2)
  6 red devils
  10 komodo dragons
  5 ancient zymes
  4 ice devils
  2 fire drakes (Lair:6)
  3 hellwings (Pan)
  5 tengu conjurers
  A catoblepas skeleton (Tomb:1)
  An entropy weaver zombie (Crypt:2)
  11 trolls
  23 merfolk
  A tengu simulacrum (Vaults:4)
  A polar bear (shapeshifter) (Depths:1)
  2 polar bears
  25 ushabtiu
  2 hydra zombies
  31 two-headed ogres
  Prince Ribbit (D:5)
  4 hydra skeletons
  30 raiju
  A two-headed ogre (shapeshifter) (Vaults:1)
  31 jumping spiders
  A blink frog (shapeshifter) (Vaults:4)
  2 harpy skeletons
  A raiju (shapeshifter) (Vaults:1)
  An ettin zombie (Crypt:3)
  4 boulder beetles
  2 wind drakes (Shoals:4)
  An ice dragon zombie (Hell)
  37 blink frogs
  81 slime creatures
  4 snapping turtles
  A hornet zombie (Crypt:2)
  An ettin skeleton (Crypt:3)
  An elf skeleton (Depths:3)
  10 shadows
  5 spriggans
  39 tarantellas
  7 air elementals
  6 wyverns
  A centaur simulacrum (D:15)
  11 wraiths
  14 ynoxinuls
  82 redbacks
  A hog (shapeshifter) (Depths:1)
  47 flying skulls
  18 water elementals
  A basilisk (Lair:4)
  8 golden eyes
  10 neqoxecs
  Grum (D:8)
  60 yaks
  2 hogs (Lair:7)
  3 hungry ghosts
  2 basilisks (shapeshifter)
  12 chaos spawn
  A fire bat (Abyss:3)
  7 fire elementals
  25 vampire mosquitoes
  25 large abominations
  3 steam dragons
  A steam dragon (shapeshifter) (Depths:3)
  A mottled dragon (D:15)
  12 hippogriffs
  A spatial vortex (Abyss:2)
  4 wargs
  14 wolves
  6 insubstantial wisps
  Duvessa (D:4)
  19 porcupines
  5 hell hounds
  8 water moccasins
  3 spiny frog zombies (Hell)
  2 manticore zombies
  2 swamp drakes (shapeshifter)
  A black bear (D:8)
  12 wasps
  4 ice beasts
  5 eyes of draining
  A black bear (shapeshifter) (Depths:5)
  60 ogres
  5 human zombies
  6 necrophages
  39 orc warriors
  6 sky beasts
  4 phantoms
  A snapping turtle skeleton (Hell)
  27 centaurs
  5 human skeletons
  17 crocodiles
  6 big kobolds
  14 small abominations
  An octopode zombie (Crypt:2)
  2 wyvern zombies
  2 earth elementals
  A fire drake skeleton (Crypt:2)
  32 giant frogs
  A glowing shapeshifter simulacrum (Depths:3)
  A gnoll sergeant (D:13)
  2 wyvern skeletons
  Dowan (D:4)
  3 scorpions
  A water moccasin skeleton (D:10)
  42 jellies
  27 killer bees
  An elf simulacrum (Vaults:5)
  12 wights
  6 electric eels
  14 crimson imps
  3 quasits
  5 centaur zombies
  4 giant frog zombies
  11 hounds
  17 orc priests
  8 centaur skeletons
  2 giant frog skeletons
  3 iron imps
  14 iguanas
  11 worker ants
  Ijyb (D:3)
  40 orc wizards
  5 hell rats
  Terence (D:3)
  20 sheep
  A felid zombie (Crypt:1)
  A naga zombie (Crypt:1)
  A hound skeleton (D:5)
  39 mummies
  3 worker ant zombies
  3 gnolls
  20 adders
  67 river rats
  3 shadow imps
  4 white imps
  A giant eyeball (shapeshifter) (Vaults:5)
  3 ufetubi
  2 oozes
  A halfling skeleton (Crypt:2)
  3 adder skeletons
  An adder zombie (D:9)
  3 worms
  8 giant geckos
  106 orcs
  8 giant cockroaches
  7 goblins
  9 hobgoblins
  6 jackals (D:7)
  7 quokkas
  2 ball pythons
  A ball python skeleton (Crypt:1)
  11 bats
  5 giant newts
  A jackal skeleton (D:8)
  47 kobolds
  An orc zombie (Tomb:1)
  2 quokka skeletons
  2 quokka zombies
  7 rats
  4 fungi (Lair:8)
  6 starspawn tentacles
  5 tentacles
  2 tentacle segments (Shoals:4)
3738 creatures vanquished.

Vanquished Creatures (collateral kills)
  An orb of fire (Zot:2)
  An ancient lich (Abyss:1)
  A greater mummy (Tomb:1)
  A pandemonium lord (Pan)
  the Enchantress (Depths:1)
  An electric golem (Zot:4)
  2 tentacled monstrosities
  2 titans (Zot:4)
  Murray (Depths:5)
  A kraken (Shoals:1)
  2 death cobs
  A frost giant (Vaults:5)
  A fire giant (Vaults:5)
  Maud (D:13)
  An emperor scorpion (Spider:4)
  A vault warden (Vaults:4)
  A ghost moth (Zot:3)
  A balrug (Pan)
  An ironheart preserver (Vaults:5)
  2 stone giants
  2 bennus
  A black draconian (Zot:3)
  A green draconian (Zot:4)
  A deep elf annihilator (Vaults:4)
  A deep elf death mage (Elf:3)
  An ettin (Vaults:5)
  A mummy priest (Tomb:2)
  A vault guard (Vaults:4)
  A blizzard demon (Pan)
  A merfolk impaler (Shoals:1)
  An ice dragon (Depths:1)
  A deep elf high priest (Vaults:5)
  An entropy weaver (Depths:5)
  A hydra (Lair:2)
  A rakshasa (Depths:3)
  2 merfolk aquamancers (Shoals:3)
  A tengu warrior (Depths:5)
  A sun demon (Pan)
  A death scarab (Tomb:1)
  2 harpies (Vaults:5)
  A necromancer (Crypt:3)
  A griffon (Shoals:4)
  An orc sorcerer (Vaults:4)
  2 ugly things
  A hellion (Pan)
  A yaktaur (Vaults:1)
  A guardian mummy (Tomb:2)
  A demonic crawler (Spider:4)
  A hellwing (Pan)
  2 red devils (Pan)
  2 jumping spiders (Spider:3)
  A troll (Vaults:5)
  2 ushabtiu (Tomb:2)
  A small abomination (Abyss:3)
  2 redbacks (Spider:4)
  A tarantella (Spider:4)
  A hippogriff (D:11)
  2 wargs
  An orc warrior (Vaults:5)
  A necrophage (Crypt:3)
  2 ogres (Depths:2)
  2 killer bees (D:11)
  An orc priest (Vaults:4)
  A mummy (Tomb:2)
  A gnoll (D:13)
  A shadow imp (D:13)
  7 orcs
  A lurking horror (Abyss:3)
89 creatures vanquished.

Vanquished Creatures (others)
  An ancient lich (Tomb:2)
  2 liches
  A fire giant (Depths:2)
  A draconian scorcher (Zot:1)
  A corrupter (Pan)
  A blood saint (Pan)
  An ettin (Depths:5)
  A sun demon (Pan)
  An unseen horror (D:14)
  A sea snake (Shoals:1)
  A phantasmal warrior (Vaults:5)
  A harpy (Vaults:5)
  A deep elf mage (Elf:1)
  An ugly thing (Vaults:1)
  An octopode (shapeshifter) (Vaults:4)
  2 manticores (Shoals:4)
  An elephant (Lair:8)
  2 moths of wrath
  A titan simulacrum (Tomb:1)
  A smoke demon (Abyss:4)
  A yaktaur (Vaults:4)
  A centaur skeleton (D:14)
  A guardian mummy (Tomb:2)
  A demonic crawler (Abyss:3)
  A wolf spider simulacrum (D:14)
  A blink frog (Abyss:3)
  2 small abominations
  A water elemental (Shoals:4)
  3 flying skulls (Tomb:1)
  3 humans (Lair:7)
  A vampire mosquito (D:14)
  A chaos spawn (Pan)
  A water moccasin skeleton (D:5)
  A jelly (D:14)
  2 orc wizards
  5 mummies
  An adder skeleton (D:4)
  4 orcs
  An orc zombie (Tomb:1)
  3 bushes
  A fire vortex (Vaults:5)
  81 fungi
  7 lost souls
  54 plants
  13 spectral weapons
  12 starspawn tentacles
  84 starspawn tentacle segments
  24 tentacles
  914 tentacle segments
1248 creatures vanquished.

Grand Total: 5075 creatures vanquished

Notes
Turn   | Place    | Note
--------------------------------------------------------------
     0 | D:1      | abixa the Human Artificer began the quest for the Orb.
     0 | D:1      | Reached XP level 1. HP: 15/15 MP: 3/3
   100 | D:1      | Reached XP level 2. HP: 18/21 MP: 4/4
   714 | D:1      | Reached skill level 4 in Evocations
   714 | D:1      | Reached XP level 3. HP: 19/26 MP: 4/6
  1445 | D:2      | Reached XP level 4. HP: 24/32 MP: 7/7
  1916 | D:2      | Reached skill level 5 in Evocations
  2795 | D:3      | Noticed Ijyb
  2800 | D:3      | Reached XP level 5. HP: 33/37 MP: 8/8
  2817 | D:3      | Killed Ijyb
  2851 | D:3      | Found a white marble altar of Elyvilon.
  2960 | D:3      | Noticed Terence
  2977 | D:3      | Killed Terence
  3175 | D:3      | Reached skill level 6 in Evocations
  3469 | D:4      | Noticed Dowan
  3489 | D:4      | Killed Dowan
  3489 | D:4      | Reached XP level 6. HP: 40/43 MP: 10/10
  3497 | D:4      | Noticed Duvessa
  3520 | D:4      | Killed Duvessa
  3520 | D:4      | Reached skill level 7 in Evocations
  3585 | D:4      | Reached XP level 7. HP: 27/49 MP: 12/12
  3883 | D:4      | Found a staircase to the Ecumenical Temple.
  3895 | Temple   | Entered the Ecumenical Temple
  3912 | Temple   | Became a worshipper of Warmaster Okawaru
  5262 | D:5      | Entered Level 5 of the Dungeon
  5404 | D:5      | Noticed Prince Ribbit
  5647 | D:4      | Reached XP level 8. HP: 57/60 MP: 13/13
  5720 | D:5      | Reached skill level 8 in Evocations
  6204 | D:5      | Killed Prince Ribbit
  6204 | D:5      | Reached * piety under Okawaru
  6204 | D:5      | Reached skill level 5 in Fighting
  6204 | D:5      | Reached skill level 1 in Invocations
  6823 | D:5      | Reached XP level 9. HP: 64/68 MP: 15/15
  7161 | D:5      | Reached skill level 9 in Evocations
  7314 | D:5      | Found a sacrificial altar of Ru.
  7799 | D:6      | Found an iron altar of Okawaru.
  7812 | D:6      | Noticed Pikaro's ghost (novice DEWn)
  8179 | D:6      | Found a stormy altar of Qazlal.
  8179 | D:6      | Found a sparkling altar of Nemelex Xobeh.
  8180 | D:6      | Found a glowing silver altar of Zin.
  8371 | D:5      | Reached ** piety under Okawaru
  8552 | D:6      | Reached skill level 5 in Dodging
  9234 | D:7      | Reached XP level 10. HP: 21/79 MP: 17/17
  9781 | D:7      | Reached skill level 10 in Evocations
 10092 | D:7      | Found an oddly glowing altar of Pakellas.
 10362 | D:8      | Found a staircase to the Lair.
 11199 | D:8      | Noticed Joseph
 11254 | D:8      | Killed Joseph
 11254 | D:8      | Reached *** piety under Okawaru
 11254 | D:8      | Reached skill level 1 in Armour
 12020 | D:8      | Noticed Grum
 13006 | D:7      | Reached **** piety under Okawaru
 13006 | D:7      | Reached XP level 11. HP: 43/87 MP: 19/19
 13285 | D:8      | Found a shadowy altar of Dithmenos.
 13387 | D:8      | Killed Grum
 13754 | D:8      | Reached skill level 11 in Evocations
 13956 | D:9      | Noticed Maurice
 13969 | D:9      | Killed Maurice
 14371 | D:9      | Found a shattered altar of Ashenzari.
 15192 | D:10     | Entered Level 10 of the Dungeon
 15675 | D:9      | Reached skill level 1 in Long Blades
 16130 | D:10     | Noticed a hill giant
 16168 | D:10     | Killed a hill giant
 16311 | D:10     | Noticed an ogre mage
 16325 | D:10     | Got an ancient broad axe {chop}
 16326 | D:10     | Identified the cursed +1 broad axe "Qiptes" {chop, rC- Str+7 Int+4} (You took it off a centaur on level 10 of the Dungeon)
 16369 | Lair:1   | Entered Level 1 of the Lair of Beasts
 16420 | D:8      | Reached ***** piety under Okawaru
 17110 | Lair:1   | Received a gift from Okawaru
 17110 | Lair:1   | Reached skill level 5 in Long Blades
 18216 | Lair:1   | Reached XP level 12. HP: 69/95 MP: 20/20
 20113 | Lair:2   | Got a faintly glowing trident
 20138 | Lair:2   | Received a gift from Okawaru
 20139 | Lair:2   | Got a transparent great sword {god gift}
 20140 | Lair:2   | Identified the +5 great sword of Killywill {slice, +Blink rC+} (Okawaru gifted it to you on level 2 of the Lair of Beasts)
 21540 | D:10     | Reached skill level 10 in Long Blades
 21738 | D:10     | Killed an ogre mage
 22953 | D:11     | Received a gift from Okawaru
 22960 | D:11     | Found a staircase to the Orcish Mines.
 23049 | Orc:1    | Entered Level 1 of the Orcish Mines
 23077 | Orc:1    | Reached XP level 13. HP: 91/101 MP: 21/21
 23772 | Orc:2    | Entered Level 2 of the Orcish Mines
 23909 | Orc:2    | Found a staircase to the Elven Halls.
 23950 | Orc:2    | Reached skill level 12 in Long Blades
 24616 | Orc:2    | Found a roughly hewn altar of Beogh.
 24816 | Orc:2    | Found Liuproc's Book Boutique.
 24816 | Orc:2    | Found a roughly hewn altar of Beogh.
 24816 | Orc:2    | Found Damok's Magic Scroll Boutique.
 25887 | D:11     | Reached skill level 5 in Armour
 26955 | Lair:2   | Reached skill level 10 in Fighting
 26985 | Lair:2   | Found a snail-covered altar of Cheibriados.
 27442 | Lair:1   | Reached ****** piety under Okawaru
 27846 | Lair:2   | Noticed a four-headed hydra
 27904 | Lair:2   | Received a gift from Okawaru
 28000 | Lair:2   | Killed a seven-headed hydra
 28656 | Lair:3   | Noticed Duffy's ghost (journeyman TeGl)
 29096 | Lair:3   | HP: 3/103 [Duffy's ghost (3)]
 29378 | D:11     | Noticed a five-headed hydra
 30820 | Orc:2    | Found Icvioxt's Antique Weapon Shop.
 30871 | Orc:2    | Found a radiant altar of Vehumet.
 31058 | Orc:2    | Found an ancient bone altar of Kikubaaqudgha.
 31058 | Orc:2    | Found Ethropn's Gadget Shop.
 31576 | Orc:2    | Reached XP level 14. HP: 106/110 MP: 22/22
 31625 | Orc:2    | Reached skill level 13 in Long Blades
 31638 | Orc:2    | Paralysed by an orc sorcerer for 3 turns
 31643 | Orc:2    | Received a gift from Okawaru
 31646 | Orc:2    | Paralysed by an orc sorcerer for 2 turns
 31844 | Orc:2    | Bought a scroll of identify for 28 gold pieces
 31844 | Orc:2    | Bought a scroll of identify for 28 gold pieces
 31844 | Orc:2    | Bought a scroll of identify for 28 gold pieces
 31844 | Orc:2    | Bought a scroll of identify for 28 gold pieces
 32869 | D:11     | Received a gift from Okawaru
 32870 | D:11     | Got a smoking chain mail {god gift}
 32881 | D:11     | Identified the +3 chain mail of Okawaru's Generosity {rN++ MR+++ Str-2 Dex+2} (Okawaru gifted it to you on level 11 of the Dungeon)
 35103 | Lair:4   | Noticed Harold
 35122 | Lair:4   | Killed Harold
 35362 | Lair:4   | Reached skill level 14 in Long Blades
 36089 | Orc:2    | Bought a +8 iron rod (13/13) for 2161 gold pieces
 36847 | Lair:5   | Found a hole to the Spider Nest.
 37234 | Lair:5   | Received a gift from Okawaru
 37281 | Lair:5   | Reached XP level 15. HP: 104/117 MP: 25/25
 37900 | Lair:6   | Found a staircase to the Shoals.
 38424 | Lair:6   | Found a staircase to the Slime Pits.
 38427 | Lair:6   | Received a gift from Okawaru
 38446 | Lair:6   | Got a smoking great sword {god gift}
 38942 | Lair:6   | Identified the +7 great sword of Vumot {freeze, Dex+3} (Okawaru gifted it to you on level 6 of the Lair of Beasts)
 40556 | Lair:7   | Noticed Kirke
 40585 | Lair:7   | Noticed a sphinx
 40592 | Lair:7   | Killed Kirke
 41038 | Lair:8   | Entered Level 8 of the Lair of Beasts
 41039 | Lair:8   | Noticed Nessos
 41052 | Lair:8   | Killed Nessos
 41216 | Lair:8   | Reached skill level 10 in Armour
 42035 | Lair:7   | Received a gift from Okawaru
 43004 | Lair:8   | Reached XP level 16. HP: 91/127 MP: 26/26
 43485 | Lair:8   | Identified a scroll of acquirement
 44603 | Lair:8   | Reached skill level 10 in Dodging
 45807 | D:13     | Noticed Erolcha
 45816 | D:13     | Killed Erolcha
 45883 | D:13     | Noticed Maud
 45892 | D:13     | Killed Maud
 46552 | D:14     | Received a gift from Okawaru
 46683 | D:14     | Got a warped sapphire amulet
 46686 | D:14     | Identified the amulet "Kuosoll" {Spirit rPois rF+ rC++ Str-5} (You took it off a crimson imp on level 14 of the Dungeon)
 48079 | D:14     | Found a gate to the Vaults.
 48467 | D:14     | Found a viscous altar of Jiyva.
 48849 | D:15     | Entered Level 15 of the Dungeon
 48994 | D:15     | Found a staircase to the Depths.
 49289 | D:15     | Found a snail-covered altar of Cheibriados.
 49685 | D:15     | Reached XP level 17. HP: 120/133 MP: 24/27
 50750 | D:6      | Killed Pikaro's ghost
 50966 | Lair:3   | Received a gift from Okawaru
 51226 | Lair:3   | Noticed zkyp's ghost (journeyman MiWn)
 51264 | Lair:3   | Killed Duffy's ghost
 51590 | Lair:3   | Killed zkyp's ghost
 51846 | Spider:1 | Entered Level 1 of the Spider Nest
 52765 | Spider:1 | Reached skill level 15 in Long Blades
 53008 | Spider:1 | Reached skill level 15 in Evocations
 53696 | Spider:1 | Received a gift from Okawaru
 53818 | Spider:1 | Noticed Aizul
 53825 | Spider:1 | Killed Aizul
 53825 | Spider:1 | Reached skill level 5 in Invocations
 54774 | Spider:2 | Got an ancient falchion
 56751 | Spider:3 | Reached XP level 18. HP: 117/140 MP: 24/29
 56825 | Spider:2 | Identified the +8 falchion of the Swamp {venom, *Confuse +Inv Str+8 Dex-4} (You found it on level 2 of the Spider Nest)
 59450 | Spider:3 | Received a gift from Okawaru
 59858 | Spider:4 | Entered Level 4 of the Spider Nest
 60210 | Spider:4 | Received a gift from Okawaru
 63104 | Spider:4 | Reached XP level 19. HP: 127/151 MP: 25/30
 63137 | Spider:4 | Got a gossamer rune of Zot
 63596 | Shoals:1 | Entered Level 1 of the Shoals
 63752 | Shoals:1 | Noticed Donald
 63774 | Shoals:1 | Killed Donald
 63966 | Shoals:1 | Noticed Nikola
 64008 | Shoals:1 | Killed Nikola
 65060 | Lair:6   | Received a gift from Okawaru
 65061 | Lair:6   | Got a faintly glowing hat {god gift}
 65072 | Lair:6   | Identified the +0 hat "Quhouxoe" {Regen+} (Okawaru gifted it to you on level 6 of the Lair of Beasts)
 67365 | Shoals:3 | Got an ancient long sword
 67548 | Shoals:4 | Entered Level 4 of the Shoals
 67590 | Shoals:4 | Noticed Ilsuiw
 67639 | Shoals:3 | Gained mutation: You expend magic power (3 MP) to strengthen your wands. [mutagenic glow]
 67662 | Shoals:3 | Killed Ilsuiw
 68466 | Shoals:3 | Received a gift from Okawaru
 69003 | Shoals:4 | Reached XP level 20. HP: 133/161 MP: 24/31
 69119 | Shoals:4 | Got a barnacled rune of Zot
 69318 | Shoals:4 | Identified the +5 long sword "Sivowk" {slice, rElec rF- Dex+2 Stlth+} (You found it on level 3 of the Shoals)
 69496 | Shoals:4 | Reached skill level 15 in Dodging
 69953 | Shoals:4 | Reached skill level 15 in Fighting
 70091 | Shoals:4 | Reached skill level 16 in Evocations
 71006 | Elf:1    | Entered Level 1 of the Elven Halls
 71134 | Elf:1    | Found Igekk's Gadget Boutique.
 71583 | Elf:1    | Noticed Frances
 71603 | Elf:1    | Killed Frances
 71603 | Elf:1    | Reached skill level 15 in Armour
 72287 | Elf:2    | Found Atyrishri's Antique Weapon Emporium.
 72363 | Elf:2    | Found a runed gate.
 72363 | Elf:2    | Found a runed gate.
 72371 | Elf:2    | Found a runed gate.
 72806 | Elf:2    | Received a gift from Okawaru
 72868 | Elf:2    | Found Deoneg's Distillery.
 73027 | Elf:2    | Found Belel's Magic Scroll Emporium.
 73171 | Elf:2    | Bought 2 scrolls of identify for 64 gold pieces
 73171 | Elf:2    | Bought a scroll of identify for 32 gold pieces
 73171 | Elf:2    | Bought a scroll of identify for 32 gold pieces
 74173 | Elf:2    | Reached XP level 21. HP: 168/168 MP: 33/33
 74376 | Elf:3    | Entered Level 3 of the Elven Halls
 74377 | Elf:3    | Upgraded the game from 0.18-a0-1292-ge8ad84c to 0.18-a0-1293-g5a2c81a
 74433 | Elf:3    | Found Gyryeseu's Antique Weapon Emporium.
 75797 | Elf:3    | Gained mutation: You are partially covered in large bone plates (AC +2, SH +2). [a cacodemon]
 76253 | Elf:3    | Received a gift from Okawaru
 76670 | Elf:3    | Got a vibrating granite ring
 76671 | Elf:3    | Identified the ring of Dole {+Fly rElec rC++ MP+9} (You took it off a deep elf archer on level 3 of the Elven Halls)
 76956 | Elf:3    | Received a gift from Okawaru
 77048 | Elf:3    | Got a scorched great sword {god gift}
 77049 | Elf:3    | Identified the +7 great sword of the Scroll {speed, +Blink +Rage MP+9 Stlth-} (Okawaru gifted it to you on level 3 of the Elven Halls)
 78452 | Orc:2    | Bought 3 scrolls of acquirement for 2184 gold pieces
 78456 | Orc:2    | Got a jewelled plate armour
 78456 | Orc:2    | Got a pair of translucent gloves
 78662 | D:8      | Identified the +1 pair of gloves of Slovenliness {Stlth+} (You acquired it on level 2 of the Orcish Mines)
 78852 | Vaults:1 | Entered Level 1 of the Vaults
 79576 | Vaults:1 | Found Ohey's Jewellery Shoppe.
 79670 | Vaults:1 | Received a gift from Okawaru
 79678 | Vaults:1 | Reached XP level 22. HP: 171/178 MP: 34/34
 80458 | Vaults:1 | Noticed Norris
 80480 | Vaults:1 | Received a gift from Okawaru
 80508 | Vaults:1 | Killed Norris
 81287 | Vaults:2 | Found a staircase to the Crypt.
 81396 | Vaults:2 | Reached skill level 17 in Armour
 81417 | Vaults:2 | Received a gift from Okawaru
 82000 | Vaults:2 | Found Meushroh's Magic Scroll Boutique.
 83343 | Vaults:3 | Reached XP level 23. HP: 186/186 MP: 35/35
 83673 | Vaults:3 | Found Esoef's Gadget Shoppe.
 84064 | Vaults:3 | Received a gift from Okawaru
 86088 | Vaults:4 | Received a gift from Okawaru
 86747 | Vaults:5 | Entered Level 5 of the Vaults
 86847 | Vaults:4 | Received a gift from Okawaru
 87050 | Vaults:4 | Reached XP level 24. HP: 126/197 MP: 32/35
 88026 | Vaults:4 | Received a gift from Okawaru
 88197 | Vaults:5 | Noticed an ancient lich
 88290 | Vaults:5 | Reached skill level 18 in Fighting
 88940 | Vaults:5 | Noticed a golden dragon
 88976 | Vaults:5 | Killed a golden dragon
 89104 | Vaults:5 | Identified the Catalogue of Freezing Creation
 89203 | Vaults:5 | Received a gift from Okawaru
 89292 | Vaults:5 | Killed an ancient lich
 89482 | Vaults:5 | Reached XP level 25. HP: 191/204 MP: 36/36
 89657 | Vaults:5 | Found Ikhyefer's Gadget Shoppe.
 89675 | Vaults:5 | Found Lacvoa Hely's Antique Armour Shop.
 90538 | Vaults:5 | Received a gift from Okawaru
 90556 | Vaults:5 | Got a fine double sword {god gift}
 90557 | Vaults:5 | Identified the +3 double sword of the Demagogue {flame, +Rage rF++} (Okawaru gifted it to you on level 5 of the Vaults)
 91461 | Vaults:5 | Noticed a shard shrike
 91486 | Vaults:5 | Noticed an iron giant
 91606 | Vaults:5 | Noticed a juggernaut
 91606 | Vaults:5 | an iron giant changed into a juggernaut
 91651 | Vaults:4 | a juggernaut changed into a titan
 91901 | Vaults:5 | Got a silver rune of Zot
 92277 | Vaults:5 | Bought a bronze chain mail for 342 gold pieces
 92281 | Vaults:5 | Identified the +4 chain mail of Kaos Esteh {rElec rF- MP+9} (You bought it in a shop on level 5 of the Vaults)
 92856 | Elf:2    | Bought a scroll of acquirement for 832 gold pieces
 92859 | Elf:2    | Got a crude buckler
 93235 | Vaults:4 | Received a gift from Okawaru
 93857 | Depths:1 | Entered Level 1 of the Depths
 93875 | Depths:1 | Received a gift from Okawaru
 94098 | Depths:1 | Found a sparkling altar of Nemelex Xobeh.
 94226 | Depths:1 | Reached XP level 26. HP: 44/213 MP: 25/36
 94244 | Depths:1 | Reached skill level 19 in Fighting
 94694 | Depths:1 | Found a gateway to Hell.
 94703 | Depths:1 | Got a dazzling plate armour
 94873 | Depths:1 | Found a one-way gate leading to the halls of Pandemonium.
 95219 | Depths:1 | Got a polished great sword
 95374 | Depths:1 | Found a portal to a secret trove of treasure.
 95516 | Depths:2 | Received a gift from Okawaru
 95565 | Depths:2 | Found a gateway to a ziggurat.
 95646 | Depths:2 | Noticed the Enchantress
 95793 | Depths:1 | Cast into level 4 of the Abyss (the Enchantress)
 95842 | Depths:1 | Escaped the Abyss
 95853 | Depths:1 | Killed the Enchantress
 96287 | Depths:2 | Noticed a juggernaut
 96497 | Depths:2 | Killed a juggernaut
 96524 | Depths:1 | Received a gift from Okawaru
 97708 | Depths:3 | Found a glowing golden altar of the Shining One.
 97893 | Depths:3 | Lost mutation: You expend magic power (3 MP) to strengthen your wands. [helix card]
 98173 | Depths:3 | Received a gift from Okawaru
 98268 | Depths:3 | Identified the cursed +0 plate armour of Jany {rCorr Int+8 Dex-4} (You found it on level 1 of the Depths)
 98270 | Depths:3 | Identified the +9 great sword "Jellybane" {drain, rC+ rN+ SInv} (You found it on level 1 of the Depths)
 98563 | Depths:3 | Noticed Duffy's ghost (veteran HOMo)
 98629 | Depths:3 | Killed Duffy's ghost
 98897 | Depths:3 | Reached XP level 27. HP: 220/223 MP: 36/36
100025 | Depths:4 | Received a gift from Okawaru
100028 | Depths:4 | Reached skill level 20 in Fighting
100566 | Depths:4 | Noticed a juggernaut
100572 | Depths:4 | Killed a juggernaut
100703 | Depths:4 | Found a corrupted altar of Lugonu.
100703 | Depths:4 | Found a one-way gate to the infinite horrors of the Abyss.
101162 | Depths:4 | Noticed Jory
101182 | Depths:4 | Killed Jory
102153 | Depths:4 | Received a gift from Okawaru
102377 | Depths:5 | Entered Level 5 of the Depths
103165 | Depths:4 | Identified a +0 pair of boots of running (Okawaru gifted it to you on level 4 of the Depths)
103817 | Depths:5 | Found a gate to the Realm of Zot.
103965 | Hell     | Entered the Vestibule of Hell
103965 | Hell     | Noticed Geryon
104372 | Hell     | Noticed Murray
105154 | Hell     | Killed Geryon
105335 | Hell     | Reached skill level 21 in Fighting
105337 | Hell     | Received a gift from Okawaru
105470 | Depths:5 | Killed Murray
105737 | Hell     | Found a gateway to the Iron City of Dis.
105792 | Hell     | Found a gateway to the ashen valley of Gehenna.
105879 | Hell     | Found a gateway to the decaying netherworld of Tartarus.
106095 | Hell     | Found a gateway to the freezing wastes of Cocytus.
106280 | Depths:5 | Voluntarily entered the Abyss.
106291 | Abyss:1  | Got a faintly glowing cloak
106306 | Abyss:1  | Identified the +1 cloak of the Hot Ocelot {Regen+} (You found it on level 1 of the Abyss)
106925 | Abyss:3  | Found a bloodstained altar of Trog.
107505 | Abyss:3  | Received a gift from Okawaru
107672 | Abyss:4  | Found a corrupted altar of Lugonu.
107954 | Abyss:4  | Gained mutation: You are weak. (Str -2) [a neqoxec]
107982 | Depths:5 | Escaped the Abyss
108025 | Depths:5 | Voluntarily entered the Abyss.
108187 | Abyss:2  | Found a corrupted altar of Lugonu.
108794 | Abyss:3  | Found a corrupted altar of Lugonu.
109015 | Abyss:3  | Got an abyssal rune of Zot
109017 | Abyss:3  | Was placed under penance by Okawaru
109064 | Depths:5 | Escaped the Abyss
109801 | Slime:1  | Entered Level 1 of the Pits of Slime
110168 | Slime:3  | Was forgiven by Okawaru
110387 | Slime:6  | Entered Level 6 of the Pits of Slime
110418 | Slime:6  | Gained mutation: Scrolls take you a little longer to read. [a shining eye]
110886 | Slime:6  | Received a gift from Okawaru
111033 | Slime:6  | Noticed the Royal Jelly
111156 | Slime:6  | Gained mutation: You tend to lose your temper in combat. [a shining eye]
111158 | Slime:6  | Gained mutation: You are dopey. (Int -2) [a shining eye]
111201 | Slime:6  | Found a viscous altar of Jiyva.
111460 | Slime:6  | Killed the Royal Jelly
111460 | Slime:6  | Reached skill level 22 in Evocations
111829 | Slime:6  | Got a bloodstained ring mail
111831 | Slime:6  | Got a slimy rune of Zot
111906 | Slime:6  | Got a shimmering scale mail
111945 | Slime:6  | Identified the cursed +1 ring mail of Least Resistance {*Contam rElec rN++ Stlth+} (You found it on level 6 of the Pits of Slime)
111948 | Slime:6  | Identified the +2 scale mail "Xiyluxomn" {MP+9 Slay+2} (You found it on level 6 of the Pits of Slime)
111953 | Slime:6  | Got a brightly glowing amber ring
111957 | Slime:6  | Identified the ring of Yzxewk {-Tele MP+9 AC+4 Int+4} (You found it on level 6 of the Pits of Slime)
112040 | Lair:6   | Lost mutation: Scrolls take you a little longer to read. [potion of cure mutation]
112040 | Lair:6   | Lost mutation: You tend to lose your temper in combat. [potion of cure mutation]
112040 | Lair:6   | Lost mutation: You are dopey. (Int -2) [potion of cure mutation]
112040 | Lair:6   | Lost mutation: You are weak. (Str -2) [potion of cure mutation]
112040 | Lair:6   | Lost mutation: You are partially covered in large bone plates (AC +2, SH +2). [potion of cure mutation]
112165 | D:8      | Identified the +1 plate armour of Starshine {MP+9 Int+5 Dex-3} (You acquired it on level 2 of the Orcish Mines)
112173 | D:8      | Got an ichor-stained hat
112174 | D:8      | Identified the +0 hat of Sif Muna's Fury {*Drain +Inv Regen+} (You acquired it on level 8 of the Dungeon)
112203 | D:8      | Learned a level 1 spell: Apportation
112206 | D:8      | Learned a level 2 spell: Blink
112209 | D:8      | Learned a level 2 spell: Repel Missiles
112212 | D:8      | Learned a level 2 spell: Song of Slaying
112215 | D:8      | Learned a level 2 spell: Swiftness
112219 | D:8      | Learned a level 3 spell: Regeneration
112223 | D:8      | Learned a level 3 spell: Spectral Weapon
112228 | D:8      | Learned a level 4 spell: Passage of Golubria
112745 | Crypt:1  | Entered Level 1 of the Crypt
112765 | Crypt:1  | Found a magical portal.
112777 | WizLab   | Entered Iskenderun's Mystic Tower
112878 | WizLab   | Reached skill level 1 in Charms
113093 | WizLab   | Reached skill level 1 in Air Magic
113649 | WizLab   | Identified Iskenderun's Almanac of Flamy Conjuration
113649 | WizLab   | Identified Iskenderun's Reference Book on Attacks and the Birds
114431 | Crypt:1  | Noticed an ancient lich
114447 | Crypt:1  | Killed an ancient lich
114815 | Crypt:2  | Received a gift from Okawaru
115528 | Crypt:3  | Entered Level 3 of the Crypt
115935 | Crypt:3  | Reached skill level 5 in Charms
116129 | Crypt:3  | Reached skill level 5 in Air Magic
116327 | Crypt:3  | Noticed an ancient lich
116746 | Crypt:3  | Received a gift from Okawaru
116870 | Crypt:3  | Found an ancient bone altar of Kikubaaqudgha.
116922 | Crypt:3  | Identified the Collected Works on Sinister Rites (You found it on level 3 of the Crypt)
116960 | Crypt:3  | Found a staircase to the Tomb.
117578 | Pan      | Entered Pandemonium
117724 | Pan      | Found an exit through the horrors of the Abyss.
117754 | Pan      | Noticed Kino the pandemonium lord
117779 | Pan      | Killed Kino the pandemonium lord
117779 | Pan      | Reached skill level 23 in Fighting
117966 | Pan      | Received a gift from Okawaru
117967 | Pan      | Got a pair of ancient gloves {god gift}
117968 | Pan      | Identified the +2 pair of gloves of Perpetual Drought {rElec Dex-3 SInv} (Okawaru gifted it to you in Pandemonium)
118378 | Pan      | Reached skill level 24 in Fighting
118676 | Pan      | Noticed Bugusac the pandemonium lord
119168 | Pan      | Found an exit through the horrors of the Abyss.
119245 | Pan      | Killed Bugusac the pandemonium lord
119690 | Pan      | Noticed Yffya the pandemonium lord
119705 | Pan      | Killed Yffya the pandemonium lord
120286 | Pan      | Found an exit through the horrors of the Abyss.
120477 | Pan      | Gained mutation: You expend magic power (3 MP) to strengthen your wands. [a cacodemon]
120744 | Pan      | Noticed Summingeod the pandemonium lord
120786 | Pan      | Killed Summingeod the pandemonium lord
120840 | Pan      | Reached skill level 1 in Necromancy
120999 | Pan      | Received a gift from Okawaru
121129 | Depths:1 | Escaped Pandemonium
121143 | Pan      | Entered Pandemonium
121161 | Pan      | Found an exit through the horrors of the Abyss.
121250 | Pan      | Noticed Huipesh the pandemonium lord
121286 | Pan      | Killed Huipesh the pandemonium lord
121312 | Pan      | Reached skill level 5 in Necromancy
121414 | Pan      | Noticed Resoveip the pandemonium lord
121446 | Pan      | Killed Resoveip the pandemonium lord
122241 | Pan      | Got a demonic rune of Zot
122546 | Pan      | Received a gift from Okawaru
122566 | Pan      | Noticed Waubuod the pandemonium lord
122580 | Pan      | Killed Waubuod the pandemonium lord
123147 | Pan      | Received a gift from Okawaru
123484 | Pan      | Found an exit through the horrors of the Abyss.
123496 | Pan      | Noticed Uxkushass the pandemonium lord
123603 | Pan      | Found an exit through the horrors of the Abyss.
123605 | Pan      | Gained mutation: Your mind is acute. (Int +2) [a cacodemon]
123609 | Pan      | Took an exit into the Abyss.
123609 | Abyss:1  | Escaped into the Abyss
123609 | Abyss:1  | Noticed an ancient lich
123610 | Abyss:1  | Found a corrupted altar of Lugonu.
123631 | Abyss:1  | Found a shimmering altar of Xom.
123660 | Abyss:1  | Killed an ancient lich
123784 | Abyss:1  | Reached skill level 10 in Charms
123784 | Abyss:1  | Reached skill level 10 in Necromancy
123909 | Depths:1 | Escaped the Abyss
124262 | Vaults:3 | Got a warped large shield
124265 | Vaults:3 | Identified the -6 large shield "Vomu" {rPois rC++ Int+2 Dex-5} (You took it off a vault guard on level 3 of the Vaults)
124331 | Vaults:3 | Bought a legendary deck of summoning for 572 gold pieces
124331 | Vaults:3 | Bought a +2 rod of inaccuracy (10/10) for 1870 gold pieces
124462 | Vaults:2 | Bought a scroll of identify for 30 gold pieces
124462 | Vaults:2 | Bought a scroll of blinking for 112 gold pieces
124462 | Vaults:2 | Bought a scroll of teleportation for 45 gold pieces
124462 | Vaults:2 | Bought a scroll of identify for 30 gold pieces
124824 | Orc:2    | Bought a scroll of teleportation for 42 gold pieces
124824 | Orc:2    | Bought a scroll of teleportation for 42 gold pieces
125021 | Elf:2    | Bought a scroll of recharging for 152 gold pieces
125021 | Elf:2    | Bought a scroll of teleportation for 48 gold pieces
125436 | Zot:1    | Entered Level 1 of the Realm of Zot
125834 | Zot:1    | Received a gift from Okawaru
128027 | Zot:2    | Received a gift from Okawaru
128445 | Zot:2    | Received a gift from Okawaru
129504 | Zot:2    | Noticed an orb of fire
129505 | Zot:2    | Gained mutation: Your magical capacity is low (-10% MP). [an orb of fire]
129533 | Zot:2    | Gained mutation: You are occasionally teleported next to monsters. [an orb of fire]
129537 | Zot:2    | Killed an orb of fire
129604 | Zot:2    | Upgraded the game from 0.18-a0-1293-g5a2c81a to 0.18-a0-1300-g6e8322c
130354 | Zot:3    | Reached skill level 1 in Spellcasting
130367 | Zot:3    | Received a gift from Okawaru
130368 | Zot:3    | Got a polished great sword {god gift}
130369 | Zot:3    | Identified the +1 great sword of Irotuuc {vamp, Str+7} (Okawaru gifted it to you on level 3 of the Realm of Zot)
131303 | Zot:4    | Reached skill level 15 in Charms
131508 | Zot:4    | Reached skill level 5 in Spellcasting
131516 | Zot:4    | Reached skill level 15 in Necromancy
131687 | Zot:4    | Received a gift from Okawaru
131754 | Zot:4    | HP: 10/238 [electric golem/bolt of lightning (10)]
131759 | Zot:4    | HP: 6/238 [electric golem/bolt of lightning (4)]
132434 | Zot:4    | Reached skill level 1 in Hexes
132443 | Zot:4    | Received a gift from Okawaru
133907 | Depths:1 | You paid a toll of 2 scrolls of acquirement to enter a treasure trove
133908 | Trove    | Entered a treasure trove
133920 | Trove    | Got a crude triple sword
133923 | Trove    | Got a brightly glowing great sword
133944 | Depths:1 | Identified the +8 great sword "Uhemm" {vamp, *Noise rF+ Int+7} (You found it in a treasure trove)
133946 | Depths:1 | Identified the +3 triple sword "Veved" {elec, +Fly rN+ Int+3} (You found it in a treasure trove)
134261 | D:15     | Reached skill level 5 in Hexes
134473 | Tomb:1   | Entered Level 1 of the Tomb of the Ancients
134677 | Tomb:1   | Lost mutation: You expend magic power (3 MP) to strengthen your wands. [potion of cure mutation]
134677 | Tomb:1   | Lost mutation: Your mind is acute. (Int +2) [potion of cure mutation]
134677 | Tomb:1   | Lost mutation: You are occasionally teleported next to monsters. [potion of cure mutation]
135211 | Tomb:1   | Noticed a greater mummy
135232 | Tomb:1   | Killed a greater mummy
135232 | Tomb:1   | Received a gift from Okawaru
135655 | Tomb:1   | Reached skill level 10 in Hexes
135747 | Tomb:1   | Noticed a greater mummy
135873 | Tomb:1   | Noticed a greater mummy
135908 | Tomb:1   | Killed a greater mummy
136028 | Tomb:1   | Killed a greater mummy
136196 | Tomb:1   | Noticed a greater mummy
136208 | Tomb:1   | Killed a greater mummy
136887 | Tomb:2   | Noticed Boris
136888 | Tomb:2   | Noticed an ancient lich
136888 | Tomb:2   | Noticed a greater mummy
136919 | Tomb:2   | Noticed a greater mummy
136925 | Tomb:2   | Noticed an ancient lich
136932 | Tomb:1   | Received a gift from Okawaru
137565 | Tomb:1   | Killed Boris
137565 | Tomb:1   | Received a gift from Okawaru
137676 | Tomb:1   | Killed a greater mummy
137686 | Tomb:1   | Killed a greater mummy
137854 | Tomb:1   | Killed an ancient lich
137949 | Tomb:2   | Gained mutation: You are resistant to hostile enchantments. [potion of beneficial mutation]
138128 | Tomb:2   | Killed an ancient lich
138143 | Tomb:2   | Reached skill level 15 in Hexes
138473 | Tomb:1   | Noticed a greater mummy
138479 | Tomb:1   | Noticed a greater mummy
138501 | Tomb:1   | Killed a greater mummy
138539 | Tomb:1   | Killed a greater mummy
138539 | Tomb:1   | Received a gift from Okawaru
138544 | Tomb:1   | HP: 10/232 [reaper/scythe of freezing[a greater mummy's death curse] (21)]
138763 | Tomb:1   | Noticed a greater mummy
138784 | Tomb:1   | Killed a greater mummy
138920 | Tomb:1   | Noticed a greater mummy
138942 | Tomb:1   | Killed a greater mummy
139040 | Tomb:1   | Noticed a greater mummy
139066 | Tomb:1   | Killed a greater mummy
139165 | Tomb:1   | Noticed a greater mummy
139223 | Tomb:1   | Killed a greater mummy
139370 | Tomb:1   | Noticed a greater mummy
139398 | Tomb:1   | Killed a greater mummy
139441 | Tomb:1   | Noticed a greater mummy
139461 | Tomb:1   | Reached skill level 10 in Spellcasting
139464 | Tomb:1   | Killed a greater mummy
139627 | Tomb:1   | Noticed a greater mummy
139628 | Tomb:1   | Noticed a greater mummy
139691 | Tomb:1   | Killed a greater mummy
139842 | Tomb:1   | Noticed a greater mummy
139867 | Tomb:1   | Noticed a greater mummy
139876 | Tomb:1   | Killed a greater mummy
139882 | Tomb:1   | Killed a greater mummy
140055 | Tomb:1   | Received a gift from Okawaru
140070 | Tomb:1   | Noticed a greater mummy
140123 | Tomb:1   | Killed a greater mummy
140205 | Tomb:1   | Noticed a greater mummy
140242 | Tomb:1   | Killed a greater mummy
140424 | Tomb:1   | Noticed a greater mummy
140466 | Tomb:1   | Killed a greater mummy
140543 | Tomb:1   | Killed a greater mummy
140565 | Tomb:1   | Noticed a greater mummy
140574 | Tomb:1   | Killed a greater mummy
140679 | Tomb:1   | Noticed a greater mummy
140690 | Tomb:1   | Killed a greater mummy
140933 | Tomb:1   | Noticed a greater mummy
141088 | Tomb:1   | Killed a greater mummy
141088 | Tomb:1   | Received a gift from Okawaru
141327 | Tomb:1   | Noticed a greater mummy
141341 | Tomb:1   | Killed a greater mummy
141381 | Tomb:1   | Noticed a greater mummy
141398 | Tomb:1   | Killed a greater mummy
141454 | Tomb:1   | Noticed a greater mummy
141479 | Tomb:1   | Killed a greater mummy
141497 | Tomb:1   | Noticed a greater mummy
141672 | Tomb:1   | Killed a greater mummy
142112 | Tomb:3   | Entered Level 3 of the Tomb of the Ancients
142302 | Tomb:3   | Noticed a greater mummy
142303 | Tomb:3   | Noticed a greater mummy
142570 | Tomb:3   | Noticed a greater mummy
142572 | Tomb:3   | Noticed a greater mummy
142596 | Tomb:2   | Killed a greater mummy
142700 | Tomb:2   | Killed a greater mummy
142938 | Tomb:3   | Noticed an ancient lich
142939 | Tomb:3   | Noticed a greater mummy
142940 | Tomb:3   | Noticed a greater mummy
142951 | Tomb:2   | Killed a greater mummy
143026 | Tomb:2   | Received a gift from Okawaru
143074 | Tomb:3   | Noticed a greater mummy
143076 | Tomb:3   | Noticed a greater mummy
143114 | Tomb:2   | Killed a greater mummy
143211 | Tomb:2   | Killed an ancient lich
143318 | Tomb:2   | Killed a greater mummy
143354 | Tomb:2   | Killed a greater mummy
143432 | Tomb:2   | Killed a greater mummy
143443 | Tomb:2   | Killed a greater mummy
143449 | Tomb:2   | HP: 8/227 [hell beast[the player character] (8)]
143450 | Tomb:2   | Mangled by a reaper

Vault maps used:
D:1:      matt_arrival_spirals, grunt_decor_cap
D:3:      elyvilon_altar_4, uniq_terence, uniq_iyjb
D:4:      kennysheep_kobold_camp, minmay_temple_entry_purple_smoke, first_bread,
          uniq_duvessa
D:5:      nicolae_ru_great_annihilating_truth, uniq_prince_ribbit1
D:6:      grunt_temple_overflow_open, basic_altar
D:7:      kennysheep_little_box, grunt_ogre_cave, minmay_item_behind_shaft
D:8:      grunt_dithmenos_shadows, lair_0_dummy, uniq_joseph, uniq_grum
D:9:      ashenzari_conservatory_becter, minivault_23, uniq_maurice
D:10:     minivault_27
D:11:     orc_0_dummy
D:13:     uniq_maud, uniq_erolcha
D:14:     grunt_vaults_entry_fortified, jiyva_altar_1
D:15:     grunt_enter_depths_snipers, basic_altar, corexii_checkpoint_b
Temple:   zaba_magenta_temple_12
Lair:1:   fungi_pond_lemuel
Lair:2:   kennysheep_snail_temple
Lair:3:   roderic_lost_polar_bear
Lair:4:   beast_lair_carwin_1, uniq_harold
Lair:5:   nicolae_spider_entry_tight_spaces, grunt_megastairs_3,
          serial_bayou_shore_a
Lair:6:   minmay_lair_venomous_thicket, shoals_dummy_entry,
          nicolae_slime_entry_slimehenge, serial_bayou_pond_a
Lair:7:   infiniplex_staircase_pool_2, grunt_megastairs_1, uniq_kirke
Lair:8:   due_jungle_book, grunt_forest_small_clearing_treed, uniq_nessos
Shoals:1: uniq_nikola, uniq_donald
Shoals:3: nicolae_shoals_aquamancer_cove
Shoals:4: shoals_end_grunt_ice, shoal_ilsuiw
Spider:1: uniq_aizul
Spider:4: grunt_spider_rune_circles
Slime:2:  cheibrodos_slime_lost_civilization_2
Slime:3:  cheibrodos_slime_lost_civilization_1
Orc:2:    kennysheep_orc_mage_school, basic_altar
Elf:1:    eino_elf_arrival_customs, serial_shops, nicolae_shop_behind_doors,
          hangedman_corner_corridor, uniq_frances
Elf:2:    serial_shops, shop_statue, nicolae_shop_waterfront,
          nicolae_shop_waterfront
Elf:3:    grunt_elf_hall_diamonds, serial_shops, nicolae_shop_stone
Vaults:1: nicolae_vaults_border_crossing, vaults_standard_mumra_lines,
          nicolae_vaults_big_ls, hangedman_vaults_cutoff,
          ontoclasm_vaults_bender, vaults_room_semicircle, v_alt_pattern_2,
          vaults_room_boxed, v_misc_14, nicolae_vaults_rhombus_7,
          grunt_vaults_hallway_long, ontoclasm_vaults_gateway, v_misc_25,
          vaults_room_pools, nicolae_vaults_ring_of_whatevers,
          nicolae_vaults_quadrants, serial_shops,
          nicolae_shop_temple_entry_statues_fountains, uniq_norris
Vaults:2: v_misc_18, hangedman_vaults_restitches, blue_anna_dwarven_crypt,
          grunt_vaults_funnel, nicolae_vaults_mini_display_case,
          ontoclasm_vaults_loading_screen, nicolae_vaults_little_squares_5,
          serial_shops, shop_statue
Vaults:3: ontoclasm_vaults_tryst, nicolae_vaults_twisting_passages,
          vaults_room_ringed_pool, nicolae_vaults_rhombus_5, serial_ice_b,
          nicolae_vaults_rhombus_6, vaults_room_fancy_cross,
          vaults_mumra_chevron_long, v_alt_pattern_4, serial_shops,
          nicolae_shop_temple_entry_statues_fountains
Vaults:4: nicolae_vaults_arrows, nicolae_vaults_asterisk,
          vaults_dpeg_encased_lava, v_misc_3, grunt_vaults_swirl,
          v_alt_pattern_1, v_misc_18, vaults_room_grid,
          nicolae_vaults_little_squares_6
Crypt:1:  infiniplex_enter_wizlab_water
Crypt:2:  lemuel_elevator
Crypt:3:  cryptofortress_bobbens
Tomb:2:   uniq_boris
Depths:1: pan_entry, lightli_too_deep, nrook_mini_vaults,
          nicolae_trove_entry_path_of_doom, minmay_stone_trees_small,
          nemelex_diamond_rough_becter
Depths:2: minmay_stepped, enter_ziggurat_a, hangedman_coc_ice_floe,
          kennysheep_another_room, dispersion_dpeg, uniq_enchantress
Depths:3: abrahamwl_protected_by_tso_3, pf_hell_entry_tar_river,
          rand_demon_pan_entry_8, minmay_staircase_statues_hall_large
Depths:4: due_jory_tower, serial_sigils, serial_sigils_hangedman_scratch,
          serial_sigils_hangedman_gnaw, serial_sigils_hangedman_scar,
          serial_sigils_hangedman_shear, abyss_entry_flame_altar,
          hangedman_geh_valley, kennysheep_small_square
Depths:5: grunt_zot_entry_pinwheel, hell_entry, abyss_entry,
          serial_sigils_hangedman_leer, st_stairs_14, minmay_misc_feat_tiny
Zot:3:    hangedman_zot_wheel_spokes
Zot:4:    minmay_elemental_castle, grunt_ministairs_6
Abyss:2:  hangedman_abyss_feature_spike
Abyss:3:  guppyfry_abyss_exit_imp_island, hangedman_abyss_or_decor_slice,
          lemuel_flamethrower_2, hangedman_abyss_or_decor_stabs
Abyss:4:  evilmike_abyss_exit_vortex, due_abyss_rune,
          evilmike_abyss_rune_acolytes_1, evilmike_abyss_exit_1
Pan:      evilmike_mini_pan_corridor, pan_blood_fountain_small,
          nicolae_pan_glass_arcs, nicolae_pan_glass_arcs,
          evilmike_mini_pan_doors_b, pan_blood_fountain_2,
          evilmike_mini_pan_layers, nicolae_pan_cerebovesque_1,
          evilmike_mini_pan_T, nicolae_pan_double_arrow,
          nicolae_pan_cerebovesque_4, evilmike_mini_pan_diamond,
          pan_blood_fountain_small, pan_surprise, lemuel_hellion_island,
          rand_demon_8, nicolae_pan_sigil_itan, evilmike_mini_pan_layers,
          pan_blood_fountain_2, pan_blood_fountain, nicolae_pan_lom_lobonic_2,
          grunt_pan_zigzag, rand_demon_2
Trove:    trove_weapon_1
WizLab:   wizlab_iskenderun

Action                   |  1- 3 |  4- 6 |  7- 9 | 10-12 | 13-15 | 16-18 | 19-21 | 22-24 | 25-27 || total
-------------------------+-------+-------+-------+-------+-------+-------+-------+-------+-------++-------
Melee: Short sword       |    97 |    12 |       |       |       |       |       |       |       ||   109
       Whip              |       |   185 |   232 |    25 |       |       |       |       |       ||   442
       Mace              |       |     3 |    29 |       |       |       |       |       |       ||    32
       Trident           |       |       |   236 |   632 |       |       |       |       |       ||   868
       Flail             |       |       |       |    10 |       |       |       |       |       ||    10
       Long sword        |       |       |       |   199 |    15 |       |       |       |       ||   214
       Broad axe         |       |       |       |     7 |       |       |       |       |       ||     7
       Great sword       |       |       |       |   166 |  1358 |  1254 |   787 |  2581 |  9916 || 16062
       Scimitar          |       |       |       |     3 |       |       |     9 |       |       ||    12
       Falchion          |       |       |       |       |       |   267 |  1289 |       |       ||  1556
       Triple sword      |       |       |       |       |       |       |       |       |    26 ||    26
 Fire: Blowgun           |       |       |    27 |   225 |    32 |   433 |     7 |       |       ||   724
Throw: Stone             |     4 |     7 |    20 |       |       |       |       |       |       ||    31
       Tomahawk          |       |       |       |    36 |    37 |       |       |       |       ||    73
       Throwing net      |       |       |       |     2 |       |       |       |       |       ||     2
       Javelin           |       |       |       |       |       |    12 |    44 |    27 |    25 ||   108
 Cast: Regeneration      |       |       |       |       |       |       |       |       |    80 ||    80
       Spectral Weapon   |       |       |       |       |       |       |       |       |    45 ||    45
Invok: Heroism           |       |       |     1 |     4 |     8 |    14 |     3 |     2 |     9 ||    41
       Finesse           |       |       |       |       |       |       |       |       |    11 ||    11
 Abil: Evoke Blink       |       |       |       |     1 |     8 |     1 |     4 |     6 |     5 ||    25
       Evoke Invisibilit |       |       |       |       |       |       |     8 |       |       ||     8
       Evoke Flight      |       |       |       |       |       |       |       |       |     5 ||     5
Evoke: Wand              |     2 |     7 |    13 |    38 |    29 |    30 |     6 |    12 |    33 ||   170
       Rod               |       |       |       |       |    17 |    39 |    57 |    30 |    44 ||   187
       Deck              |       |       |       |       |       |     4 |     1 |     4 |    12 ||    21
       Sack of spiders   |       |       |       |       |       |     2 |    13 |     8 |     3 ||    26
       Stone of tremors  |       |       |       |       |       |       |     1 |     3 |    10 ||    14
       Box of beasts     |       |       |       |       |       |       |       |     5 |    22 ||    27
       Fan of gales      |       |       |       |       |       |       |       |     1 |    11 ||    12
       Disc of storms    |       |       |       |       |       |       |       |       |   226 ||   226
       Lamp of fire      |       |       |       |       |       |       |       |       |    11 ||    11
       Horn of Geryon    |       |       |       |       |       |       |       |       |    15 ||    15
  Use: Scroll            |       |       |     5 |     9 |    12 |    12 |    21 |     3 |    61 ||   123
       Potion            |       |       |       |       |     3 |       |     1 |       |    16 ||    20
 Stab: Sleeping          |     2 |       |     3 |     9 |       |       |       |       |       ||    14
       Paralysed         |       |    12 |     1 |    74 |     5 |     2 |       |       |       ||    94
       Distracted        |       |       |       |     2 |       |    12 |     1 |     3 |    30 ||    48
       Held in net/web   |       |       |       |     1 |       |       |       |       |       ||     1
       Confused          |       |       |       |       |       |     5 |       |       |       ||     5
       Invisible         |       |       |       |       |       |       |    36 |       |       ||    36
  Eat: Chunk             |     1 |     7 |    18 |    45 |    67 |    61 |    64 |    46 |   108 ||   417
       Fruit             |       |       |     1 |     1 |     6 |     3 |     3 |       |    15 ||    29
       Beef jerky        |       |       |       |       |     2 |    11 |     1 |       |     2 ||    16
       Pizza             |       |       |       |       |       |     1 |     2 |       |     2 ||     5
       Meat ration       |       |       |       |       |       |       |     2 |       |     4 ||     6
       Bread ration      |       |       |       |       |       |       |       |       |    12 ||    12
       Royal jelly       |       |       |       |       |       |       |       |       |     1 ||     1
